 Dungeon Crawl Stone Soup version 0.21-b1-21-g86478ac (webtiles) character file.

773 tidbits the Covert (level 7, 11/27 HPs)
             Began as a Felid Necromancer on Jan 4, 2018.
             Was a Believer of Okawaru.
             Quit the game on level 8 of the Dungeon.
             The game lasted 00:22:31 (2855 turns).

tidbits the Covert (Felid Necromancer)              Turns: 2855, Time: 00:22:32

Health: 11/27      AC:  2    Str:  5    XL:     7   Next: 53%
Magic:  5/11       EV: 29    Int: 20    God:    Okawaru [**....]
Gold:   321        SH:  0    Dex: 21    Spells: 1/10 levels left
                                        Lives:  0   Deaths: 2

rFire    . . .     SeeInvis +     - Unarmed
rCold    . . .     Gourm    .   (shield unavailable)
rNeg     . . .     Faith    .   (armour unavailable)
rPois    .         Spirit   .   (helmet unavailable)
rElec    .         Reflect  .   (cloak unavailable)
rCorr    .         Harm     .   (gloves unavailable)
MR       +....                  (boots unavailable)
Stlth    ++++++++..             (no amulet)
HPRegen  0.09/turn              f - +4 ring of intelligence
MPRegen  0.12/turn              (no ring)

@: agile, quite poisoned (11 -> 5), heroism, quick
A: very small, no armour, no weapons or thrown items, stealth, claws 1, fangs 3,
see invisible, carnivore, dopey 1, speed 1, mutation resistance 1, shaggy fur 2,
slow metabolism 1, sharp paws
a: Heroism, Renounce Religion


You were on level 8 of the Dungeon.
You worshipped Okawaru.
Okawaru was pleased with you.
You were not hungry.

You visited 1 branch of the dungeon, and saw 9 of its levels.

You collected 321 gold pieces.

Inventory:

Missiles
 e - 90 arrows
Jewellery
 f - a +4 ring of intelligence (left paw)
   (You found it on level 3 of the Dungeon)
Wands
 m - a wand of flame (15)
 s - a wand of iceblast (1)
Scrolls
 c - 2 scrolls of teleportation
 g - 2 scrolls of fog
 i - a scroll of immolation {unknown}
 k - a scroll of enchant armour {unknown}
 l - a scroll of magic mapping {unknown}
 n - a scroll of amnesia {unknown}
 r - a scroll of remove curse
Potions
 d - a potion of magic {unknown}
 o - a potion of might
 q - a potion of lignification {unknown}
 t - a potion of brilliance
Books
 a - a book of Necromancy

   Spells                             Type                      Level
   a - Pain                           Necromancy                   1
   b - Animate Skeleton               Necromancy                   1
   c - Vampiric Draining              Necromancy                   3
   d - Regeneration                   Charms/Necromancy            3
   e - Animate Dead                   Necromancy                   4
   f - Borgnjor's Vile Clutch         Necromancy/Earth             5
 h - a book of Misfortune
   (You found it on level 8 of the Dungeon)

   Spells                             Type                      Level
   a - Confusing Touch                Hexes                        1
   b - Confuse                        Hexes                        3
   c - Gell's Gravitas                Translocation                3
   d - Petrify                        Transmutation/Earth          4
   e - Metabolic Englaciation         Hexes/Ice                    5
   f - Yara's Violent Unravelling     Hexes/Transmutation          5
Comestibles
 b - 6 rations


   Skills:
 - Level 2.6(7.6) Dodging
 + Level 10.2(15.2) Stealth
 + Level 6.8(11.8) Unarmed Combat
 - Level 2.0 Spellcasting
 - Level 4.0 Necromancy
 - Level 4.5 Invocations


You had one spell level left.
You knew the following spells:

 Your Spells              Type           Power        Failure   Level  Hunger
a - Pain                  Necr           ###.         3%          1    #......
n - Animate Skeleton      Necr           N/A          3%          1    #......
r - Regeneration          Chrm/Necr      ##........   21%         3    ###....
t - Confusing Touch       Hex            #.....       16%         1    #......
v - Vampiric Draining     Necr           ###.......   9%          3    ###....


Dungeon Overview and Level Annotations

Branches:
Dungeon (9/15)             Temple (0/1) D:5
   Lair: D:8-11         Orc: D:9-12

Altars:
Dithmenos
Makhleb
Okawaru
Ru
Uskayaw
Vehumet
Xom
Zin

Shops:
D:4 (   D:5 }

Annotations:
D:2 Robin


Innate Abilities, Weirdness & Mutations

You cannot wear armour.
You are incapable of wielding weapons or throwing items.
Your paws allow you to move quietly. (Stealth)
You have sharp claws.
You have razor-sharp teeth.
You have supernaturally acute eyesight. (SInv)
You are carnivorous and can eat meat at any time.
You cover ground quickly.
You are covered in thick fur. (AC +2)
You have a slow metabolism.
Your sharp claws are effective at attacking unaware monsters.
You are dopey. (Int -2)
You are somewhat resistant to further mutation.


Message History

You scratch the centaur but do no damage.
The centaur appears confused.
The bullfrog barely misses you.
The orc wizard casts a spell.
The orc wizard seems to speed up.
Casting: Confusing Touch
Confirm with . or Enter, or press ? or * to list all spells.
Your paws begin to glow red.
The bullfrog misses you. The bullfrog completely misses you.
You scratch the bullfrog but do no damage.
The orc wizard points at you and mumbles some strange words.
The magic dart hits you! The bullfrog completely misses you.
You scratch the bullfrog but do no damage.
The bullfrog appears confused.
Okay, then.
You pounce on the helpless bullfrog from behind!
You eviscerate the bullfrog!!!
You kill the bullfrog!
Okawaru accepts your kill. The orc hits you but does no damage.
Something barely misses the orc.
You scratch the iguana. You bite the iguana, but do no damage.
The iguana is moderately wounded.
The iguana completely misses you. The orc hits you with a short sword.
* * * LOW HITPOINT WARNING * * *
The orc completely misses you.
Casting: Confusing Touch
Confirm with . or Enter, or press ? or * to list all spells.
Your paws begin to glow red.
The iguana closely misses you. The orc closely misses you.
You scratch the iguana but do no damage.
The iguana appears confused.
You bite the iguana, but do no damage.
The iguana is moderately wounded.
The orc misses you.
The orc wizard hits you but does no damage.
You see here a scroll of enchant weapon.
You scratch the iguana but do no damage.
The iguana is moderately wounded.
You feel like a meek peon again.
The orc wizard points at you and mumbles some strange words.
The magic dart hits you!
* * * LOW HITPOINT WARNING * * *
The orc wizard hits you but does no damage.
You see here 19 stones.
You feel much better. The orc wizard hits you with a dagger.
The iguana bites the orc.
The orc wizard misses you.
The iguana bites the orc!
The orc is killed!
Okawaru accepts your kill.
There is a stone staircase leading up here.
The iguana seems less confused.
You climb upwards.
There is a stone staircase leading down here.
Casting: Confusing Touch
Confirm with . or Enter, or press ? or * to list all spells.
Your paws begin to glow red.
You scratch the adder but do no damage.
The adder appears confused.
You catch the helpless adder completely off-guard!
You mangle the adder!!
You kill the adder!
Okawaru accepts your kill.
Your Stealth skill increases to level 10!
A killer bee comes into view.
Found a robe.
A quokka skeleton comes into view.
The helpless quokka skeleton fails to defend itself.
You eviscerate the quokka skeleton!!!
You destroy the quokka skeleton!
Okawaru accepts your kill.
A killer bee and a skeleton come into view.
You gain the combat prowess of a mighty hero. 2 killer bees come into view.
A killer bee comes into view.
A killer bee comes into view.
The helpless killer bee fails to defend itself.
You eviscerate the killer bee!!!!
You kill the killer bee!
Okawaru accepts your kill.
You see here a killer bee corpse.
The helpless killer bee fails to defend itself.
You eviscerate the killer bee!!!!
You kill the killer bee!
Okawaru accepts your kill.
The helpless bullfrog skeleton fails to defend itself.
You eviscerate the bullfrog skeleton!!!!!
You destroy the bullfrog skeleton!
Okawaru accepts your kill.
The killer bee buzzes angrily. x2; You hear a shout!
The killer bee buzzes angrily.
The killer bee completely misses you. x3
The killer bee completely misses you. x2
You miss the killer bee. The killer bee completely misses you.
The killer bee stings you! The killer bee closely misses you. x2
You closely miss the killer bee. The killer bee misses you.
The killer bee stings you but does no damage.
The killer bee completely misses you. The killer bee stings you!
* * * LOW HITPOINT WARNING * * *
You are poisoned.
The killer bee poisons you! The killer bee misses you.
The killer bee completely misses you. x3
Okay, then.
Are you sure you want to abandon this character and quit the game? (Confirm with "yes".)

.#.#<........#
#.# #.# .#
#.###.....# #.#
#.# .# #.#
#.....# #.# #.#
#.# #.....# #.#
#.# #.# #.#####
#[# #.# #. #. #.#
#.# ..#######.#
#.#
.......yy######.#
#####..y@y......#
#.########### #.
#


You could see 4 killer bees.

Vanquished Creatures
  A hippogriff (D:8)
  Grum (D:8)
  3 wolves (D:8)
  An ogre (D:7)
  A centaur (D:6)
  2 bullfrogs
  A gnoll sergeant (D:8)
  A scorpion (D:4)
  2 killer bees (D:8)
  2 howler monkeys
  A crimson imp (D:8)
  An orc priest (D:6)
  3 hounds
  Crazy Yiuf (D:5)
  A bullfrog skeleton (D:8)
  An orc wizard (D:6)
  Natasha (D:2)
  2 iguanas
  A worker ant (D:3)
  A killer bee zombie (D:6)
  A hound skeleton (D:6)
  3 gnolls (D:8)
  8 adders
  A shadow imp (D:6)
  A worm (D:4)
  A dart slug (D:1)
  5 leopard geckos
  4 orcs
  A bat (D:3)
  A giant cockroach (D:3)
  2 goblins
  3 hobgoblins
  A jackal (D:2)
  6 kobolds
  A quokka (D:8)
  A ball python (D:2)
  A quokka skeleton (D:8)
  3 rats
72 creatures vanquished.

Vanquished Creatures (collateral kills)
  A quokka (D:2)
1 creature vanquished.

Vanquished Creatures (others)
  A fungus (D:9)
1 creature vanquished.

Grand Total: 74 creatures vanquished

Notes
Turn   | Place    | Note
-------+----------+-------------------------------------------
     0 | D:1      | tidbits the Felid Necromancer began the quest for the Orb.
     0 | D:1      | Reached XP level 1. HP: 7/7 MP: 4/4
    97 | D:1      | Reached skill level 3 in Stealth
   191 | D:1      | Reached skill level 1 in Unarmed Combat
   191 | D:1      | Reached XP level 2. HP: 2/11 MP: 0/6
   220 | D:1      | Learned a level 1 spell: Animate Skeleton
   243 | D:2      | Noticed Natasha
   253 | D:2      | Killed Natasha
   253 | D:2      | Reached skill level 4 in Stealth
   253 | D:2      | Reached skill level 2 in Unarmed Combat
   253 | D:2      | Reached XP level 3. HP: 5/14 MP: 7/7
   258 | D:2      | Learned a level 3 spell: Regeneration
   355 | D:2      | Noticed Natasha
   540 | D:2      | Found a hide-covered altar of Uskayaw.
   541 | D:2      | Noticed Robin
   632 | D:2      | Found an iron altar of Okawaru.
   637 | D:2      | Became a worshipper of Warmaster Okawaru
   764 | D:3      | Found a sacrificial altar of Ru.
   800 | D:3      | Reached XP level 4. HP: 12/18 MP: 5/8
   818 | D:3      | Reached skill level 5 in Stealth
   849 | D:3      | Gained mutation: You are dopey. (Int -2) [potion of mutation]
   849 | D:3      | Gained mutation: You are somewhat resistant to further mutation. [potion of mutation]
   932 | D:5      | Entered Level 5 of the Dungeon
   944 | D:5      | Reached skill level 3 in Unarmed Combat
   979 | D:4      | Reached XP level 5. HP: 21/21 MP: 9/9
  1038 | D:4      | Learned a level 3 spell: Vampiric Draining
  1081 | D:5      | Found a staircase to the Ecumenical Temple.
  1107 | D:5      | Found Yzefopn's Gadget Emporium.
  1157 | D:5      | Reached skill level 6 in Stealth
  1191 | D:4      | Reached * piety under Okawaru
  1219 | D:4      | Found Tableil's Antique Weapon Boutique.
  1350 | D:4      | Reached skill level 1 in Invocations
  1560 | D:5      | Found a runed door.
  1564 | D:5      | Noticed Crazy Yiuf
  1569 | D:5      | Killed Crazy Yiuf
  1569 | D:5      | Reached skill level 2 in Invocations
  1569 | D:5      | Gained mutation: You are covered in thick fur. (AC +2) [Felid growth]
  1569 | D:5      | Reached XP level 6. HP: 24/24 MP: 7/10
  1919 | D:6      | Reached skill level 3 in Invocations
  2010 | D:7      | Reached skill level 4 in Invocations
  2071 | D:7      | Found a shimmering altar of Xom.
  2073 | D:7      | Found a glowing silver altar of Zin.
  2075 | D:7      | Found a radiant altar of Vehumet.
  2112 | D:8      | Reached XP level 7. HP: 27/27 MP: 8/11
  2179 | D:8      | Noticed a hippogriff
  2364 | D:6      | Reached skill level 4 in Unarmed Combat
  2421 | D:6      | Found a burning altar of Makhleb.
  2422 | D:6      | Found a shadowy altar of Dithmenos.
  2448 | D:6      | Reached skill level 7 in Stealth
  2567 | D:8      | Killed a hippogriff
  2605 | D:8      | Reached skill level 5 in Unarmed Combat
  2606 | D:8      | Reached skill level 8 in Stealth
  2609 | D:8      | Killed from afar by a shadow imp
  2610 | D:8      | Reached XP level 6. HP: -4/24 MP: 8/10
  2615 | D:8      | Noticed Grum
  2627 | D:8      | Reached XP level 7. HP: 27/27 MP: 8/11
  2637 | D:8      | HP: 4/40 [Grum/halberd (12)]
  2639 | D:8      | Killed Grum
  2639 | D:8      | Reached ** piety under Okawaru
  2639 | D:8      | Reached skill level 9 in Stealth
  2642 | D:8      | Reached skill level 6 in Unarmed Combat
  2643 | D:8      | Slain by a wolf
  2644 | D:8      | Reached XP level 6. HP: -5/36 MP: 10/10
  2681 | D:8      | Noticed an orc warrior
  2715 | D:8      | Learned a level 1 spell: Confusing Touch
  2776 | D:8      | Reached XP level 7. HP: 27/27 MP: 5/11
  2820 | D:8      | Reached skill level 10 in Stealth
  2855 | D:8      | Quit the game

Skill      XL: |  1  2  3  4  5  6  7 |
---------------+----------------------+-----
Stealth        | 3 4 5 6 10 | 10.2
Unarmed Combat | 1 2 3 6 |  6.8
Invocations    | 2 4 |  4.5
Dodging        | |  2.6
Spellcasting   | |  2.0
Necromancy     | |  4.0

Action                   |  1- 3 |  4- 6 |  7- 9 || total
-------------------------+-------+-------+-------++-------
Melee: Unarmed           |    19 |    92 |    65 ||   176
       Bite              |     3 |     5 |     4 ||    12
       Punch             |       |     3 |     1 ||     4
 Cast: Pain              |    30 |    16 |     1 ||    47
       Animate Skeleton  |     3 |     4 |     2 ||     9
       Regeneration      |     2 |     6 |     4 ||    12
       Confusing Touch   |       |     3 |     4 ||     7
       Vampiric Draining |       |     1 |       ||     1
Invok: Heroism           |       |    11 |     8 ||    19
Evoke: Wand              |       |       |     7 ||     7
  Use: Potion            |     1 |     4 |     3 ||     8
       Scroll            |       |    12 |       ||    12
 Stab: Sleeping          |     6 |     8 |     4 ||    18
       Distracted        |     1 |       |       ||     1
       Confused          |       |     3 |     2 ||     5
       Invisible         |       |       |     2 ||     2
  Eat: Chunk             |       |     8 |     3 ||    11
Armor: Skin              |     1 |     7 |     6 ||    14
Dodge: Dodged            |    12 |    96 |    66 ||   174

Table legend:
 A = Turns spent in this place as a percentage of turns spent in the entire game.
 B = Non-inter-level travel turns spent in this place as a percentage of non-inter-level travel turns spent in the entire game.
 C = Inter-level travel turns spent in this place as a percentage of turns spent in this place.
 D = Turns resting spent in this place as a percentage of non-inter-level travel turns spent in this place.
 E = Turns spent auto-exploring this place as a percentage of non-inter-level travel turns spent in this place.
 F = Non-inter-level travel turns spent in this place divided by the number of levels of this place that you've seen.
                   A       B       C       D       E      F
               +-------+-------+-------+-------+-------+----------------------
         Total | 100.0 | 100.0 |   5.9 |   0.0 |   0.0 | 298.6
       Dungeon | 100.0 | 100.0 |   5.9 |   0.0 |   0.0 | 298.6
               +-------+-------+-------+-------+-------+----------------------

Table legend:
 A = Kills in this place as a percentage of kills in entire the game.
 B = Kills by you in this place as a percentage of kills by you in the entire game.
 C = Kills by friends in this place as a percentage of kills by friends in the entire game.
 D = Other kills in this place as a percentage of other kills in the entire game.
 E = Experience gained in this place as a percentage of experience gained in the entire game.
 F = Experience gained in this place divided by the number of levels of this place that you have seen.
                   A       B       C       D       E      F
               +-------+-------+-------+-------+-------+----------------------
         Total | 100.0 | 100.0 | 100.0 | 100.0 | 100.0 | 258.0
       Dungeon | 100.0 | 100.0 | 100.0 | 100.0 | 100.0 | 258.0
               +-------+-------+-------+-------+-------+----------------------

Vault maps used:
D:1:      lemuel_arrival_rhombus
D:2:      nicolae_overflow_hidden_temple, okawaru_metal_pillars_1_2, uniq_robin,
          uniq_natasha
D:3:      nicolae_ru_sacrificial_ziggurat, first_ration, grunt_ministairs_2
D:4:      serial_shops, nicolae_shop_overgrown_old_shop
D:5:      minmay_temple_entry_statues, serial_shops, nicolae_shop_trees,
          uniq_crazy_yiuf_cottage
D:6:      gammafunk_temple_overflow_statue, st_stairs_7
D:7:      nicolae_overflow_quartered_altars, minmay_holes, the_bakery
D:8:      minivault_27, uniq_grum
D:9:      grunt_lair_entry_orc_guard_hut, serial_bayou_pond_e
